 Dungeon Crawl Stone Soup version 0.32-a0-132-g2d33c3cfaf (webtiles) character file.

Game seed: 14591538783881048386

4 Bravepunisher the Ducker (level 1, 0/11 HPs)
             Began as a Spriggan Monk on Feb 9, 2024.
             Shot with an arrow by a centaur (11 damage)
             ... on level 6 of the Dungeon.
             The game lasted 00:02:13 (370 turns).

Bravepunisher the Ducker (Spriggan Monk)             Turns: 370, Time: 00:02:14

Health: 0/11       AC:  2    Str:  7    XL:     1   Next: 50%
Magic:  2/2        EV: 19    Int: 11    God:
Gold:   25         SH:  0    Dex: 17    Spells: 0/0 levels left

rFire   + . .        a - +0 short sword
rCold   + . .        (no shield)
rNeg    . . .        b - +0 robe
rPois   .            (helmet restricted)
rElec   .            g - scarf {rC+ rF+}
rCorr   .            (gloves unavailable)
SInv    +            (boots unavailable)
Will    .....        (no amulet)
Stlth   ++           (no ring)
HPRegen 0.21/turn    (no ring)
MPRegen 0.08/turn

%: no passive effects
@: very quick
A: very small, no large weapons, unfitting armour, see invisible, speed 3
a: no special abilities


You were on level 6 of the Dungeon.
You visited 1 branch of the dungeon, and saw 6 of its levels.

You collected 25 gold pieces.

Inventory:

Hand Weapons
 a - a +0 short sword (weapon)
 e - the +5 mace "Onlede" {flame, Will+}
   (You found it on level 4 of the Dungeon)

   Will+:     It increases your willpower.
Armour
 b - a +0 robe (worn)
 d - a +0 cloak
 g - a scarf of resistance (worn)
Scrolls
 f - a scroll of teleportation {unknown}
Potions
 c - a potion of ambrosia


   Skills:
 + Level 2.5 Fighting
 - Level 3.2 Short Blades
 * Level 4.2 Dodging


You couldn't memorise any spells.
You didn't know any spells.
Your spell library was empty.

Dungeon Overview and Level Annotations

Branches:
Dungeon (6/15)
 Temple: D:4-7

Altars:
Cheibriados
Zin

Shops:
D:6 *


Innate Abilities, Weirdness & Mutations

You are very small and have problems with some larger weapons.
You are too small for most types of armour.
You have supernaturally acute eyesight. (SInv)
You cover ground extremely quickly. (Speed+++)


Message History

You see here a scroll labelled ZUZE YNEUPTUITIZ.
There is a stone staircase leading up here.
You climb upwards.
There is a stone staircase leading down here.
Found a stone staircase leading down.
You open the gate.
Found 12 gold pieces.
Found a glowing silver altar of Zin.
There is an open gate here.
You hit the bush but do no damage. You hit the bush but do no damage.
You now have 25 gold pieces (gained 12).
There is a glowing silver altar of Zin here.
There is an open gate here.
There is a stone staircase leading down here.
You climb downwards.
Found a scroll labelled AQATHR GYZXAA.
There is a stone staircase leading up here.
f - a scroll labelled AQATHR GYZXAA
Found a stone staircase leading down.
An ice beast comes into view.
Found a white potion.
There is a stone staircase leading down here.
You climb downwards.
Found 3 poisoned darts and an embroidered scarf.
Found Tafucyn's General Store.
There is a stone staircase leading up here.
A bullfrog comes into view.
You see here a scarf of resistance.
g - a scarf of resistance You start putting on your armour.
You continue putting on your scarf of resistance. x4
You finish putting on your scarf of resistance.
You feel resistant to extremes of temperature.
The bullfrog gives a loud, deep croak!
A centaur comes into view.
The centaur shouts!
The centaur wields a +0 shortbow.
The centaur shoots an arrow.
The arrow hits you!
Ouch! That really hurt!
You die...
P PP PP.
PP..

.c...#####
...F...∩.#
..... #@.##
......#...#
.........<#
......##..##
#....##ß..ß#
....##⌠....#
.... ###..##
... ....# ..
#..##


You could see a bullfrog and a centaur.

Vanquished Creatures
  A ball python (D:4)
  A kobold (D:4)
  2 rats
4 creatures vanquished.

Notes
Turn   | Place    | Note
-------+----------+-------------------------------------------
     0 | D:1      | Bravepunisher the Spriggan Monk began the quest for the
                  | Orb.
     0 | D:1      | Reached XP level 1. HP: 11/11 MP: 2/2
    90 | D:4      | Noticed a bombardier beetle
   159 | D:4      | Found a snail-covered altar of Cheibriados.
   172 | D:4      | Noticed a hound
   180 | D:4      | Noticed a wight
   189 | D:4      | Noticed a wight
   192 | D:4      | Noticed a bombardier beetle
   214 | D:4      | Identified the +5 mace "Onlede" {flame, Will+}
   223 | D:4      | Noticed a hound
   303 | D:5      | Entered Level 5 of the Dungeon
   303 | D:5      | Noticed a jelly
   313 | D:4      | Found a glowing silver altar of Zin.
   354 | D:5      | Noticed an ice beast
   356 | D:6      | Found Tafucyn's General Store.
   357 | D:6      | Noticed a bullfrog
   368 | D:6      | Noticed a centaur
   370 | D:6      | Shot with an arrow by a centaur

Illustrated notes

Levels and vault maps discovered:
D:1:      dpeg_arrival_tiny_a, layout_basic, serial_shops, shop,
          ebering_ecumenical_altar_mist, kennysheep_pointless_box
D:2:      layout_rooms
D:3:      layout_rooms, lemuel_coloured_pillars_altar, mainiacjoe_overflow_paths
D:4:      layout_basic, overflow_temple_1_default, mainiacjoe_overflow_alcove_4,
          uniq_crazy_yiuf_cottage
D:5:      cheibrodos_two_vegetables, layout_rooms, nemelex_diamond_rough_becter,
          nicolae_ru_the_path_less_chosen, evilmike_ruin_ashenzari
D:6:      layout_basic, mainiacjoe_overflow_chevrons, minitemple,
          serial_demonic, serial_demonic_a, serial_demonic_g, serial_demonic_b,
          serial_demonic_b, serial_shops, shop, feat_on_display

Action                     || total
---------------------------++-------
  Melee: Short sword       ||    25
         Punch             ||     1
 Armour: Robe              ||    11
  Dodge: Dodged            ||    23

Table legend: (Time is in decaauts)
 A = Elapsed time spent in this place.
 B = Non-inter-level travel time spent in this place.
 C = Inter-level travel time spent in this place.
 D = Time resting spent in this place.
 E = Time spent auto-exploring this place.
 F = Levels seen in this place.
 G = Mean time per level.
                   A        B        C        D        E       F      G
               +--------+--------+--------+--------+--------+-----+--------+
         Total |    249 |    249 |      0 |      0 |     24 |   6 |   41.5 |
       Dungeon |    249 |    249 |      0 |      0 |     24 |   6 |   41.5 |
               +--------+--------+--------+--------+--------+-----+--------+

Top non-repeatable levels by time:
     D:4: 185 daAuts
     D:5: 17 daAuts
     D:3: 15 daAuts
     D:2: 12 daAuts
     D:6: 11 daAuts
     D:1: 7 daAuts
